 Dungeon Crawl Stone Soup version 0.27-a0-412-g8dd771eca2 (webtiles) character file.

Game seed: 4507114905628022250

2524 hellse the Thaumaturge (level 9, -14/55 HPs)
             Began as a Deep Elf Conjurer on Feb 23, 2021.
             Demolished by a boulder beetle (26 damage)
             ... on level 8 of the Dungeon.
             The game lasted 00:12:26 (7988 turns).

hellse the Thaumaturge (Deep Elf Conjurer)          Turns: 7988, Time: 00:12:27

Health: -14/55     AC:  7    Str:  4    XL:     9   Next: 29%
Magic:  17/25      EV: 14    Int: 27    God:
Gold:   287        SH:  0    Dex: 13    Spells: 22/29 levels left

rFire    . . .     SeeInvis .   d - +1 dagger (elec)
rCold    . . .     Faith    .   (no shield)
rNeg     . . .     Spirit   .   s - +2 robe {Archmagi}
rPois    .         Reflect  .   x - +0 helmet
rElec    .         Harm     .   (no cloak)
rCorr    .         Rampage  .   v - +1 pair of gloves
Will     .....                  (no boots)
Stlth    ++........             w - amulet of regeneration
HPRegen  1.18/turn              (no ring)
MPRegen  0.19/turn              (no ring)

@: no status effects
A: no striking features
a: no special abilities


You were on level 8 of the Dungeon.
You visited 2 branches of the dungeon, and saw 10 of its levels.
You also visited: Sewer.

You collected 287 gold pieces.

Inventory:

Hand Weapons
 d - a +1 dagger of electrocution (weapon)
 C - a +3 mace of freezing
 F - a +3 scimitar of flaming
Missiles
 l - 2 silver javelins
Armour
 a - a +0 robe
 s - a +2 robe of the Archmagi (worn)
 t - a +0 hat
 v - a +1 pair of gloves (worn)
 x - a +0 helmet (worn)
 y - a +0 leather armour of poison resistance
Magical Staves
 q - a staff of earth
Jewellery
 w - an amulet of regeneration (around neck)
Wands
 D - a wand of digging (6)
Scrolls
 b - 4 scrolls of identify
 e - 3 scrolls of blinking
 f - a scroll of fear
 g - 2 scrolls of immolation
 k - 2 scrolls of fog
 n - a scroll of amnesia
 u - 2 scrolls of teleportation
 z - a scroll of enchant armour
Potions
 c - 2 potions of flight {unknown}
 h - a potion of haste {unknown}
 i - a potion of degeneration {unknown}
 j - a potion of lignification {unknown}
 m - a potion of magic {unknown}
 o - 3 potions of heal wounds {unknown}
 p - 4 potions of attraction {unknown}
 r - a potion of might {unknown}
 A - a potion of curing {unknown}
 B - a potion of mutation {unknown}


   Skills:
 - Level 5.8 Fighting
 - Level 5.1 Dodging
 - Level 2.4 Stealth
 + Level 10.5 Spellcasting
 - Level 7.6 Conjurations


You had 22 spell levels left.
You knew the following spells:

 Your Spells              Type           Power        Failure   Level
a - Magic Dart            Conj           100%         1%          1
b - Searing Ray           Conj           100%         1%          2
c - Iskenderun's Mystic   Conj/Tloc      51%          9%          4

Your spell library contained the following spells:

 Spells                   Type           Power        Failure   Level
 Dazzling Flash           Conj/Hex       100%         2%          3
 Apportation              Tloc           42%          4%          1
 Fulminant Prism          Conj/Hex       25%          9%          4
 Lesser Beckoning         Tloc           10%          12%         3
 Tukima's Dance           Hex            21%          12%         3
 Alistair's Intoxication  Tmut/Pois      14%          75%         5
 Invisibility             Hex            21%          99%         6


Dungeon Overview and Level Annotations

Branches:
Dungeon (9/15)             Temple (1/1) D:7           Sewer (visited)
   Lair: D:8-11         Orc: D:9-12

Altars:
Ashenzari
Cheibriados
Dithmenos
Elyvilon
Fedhas
Gozag
Hepliaklqana
Kikubaaqudgha
Makhleb
Nemelex Xobeh
Okawaru
Qazlal
Ru
Sif Muna
Trog
Xom
Yredelemnul
Zin
The Shining One
Beogh

Annotations:
D:6 3 runed translucent doors, Eustachio; Shayle's ghost, novice HaWr


Message History

Confirm with . or Enter, or press ? or * to list all spells.
Aiming: Searing Ray (safe; 1% risk of failure)
Press: ? - help, Shift-Dir - straight line, f - boulder beetle
Aim: a boulder beetle (0% to evade)
You feel a surge of power!
The searing ray hits the boulder beetle but does no damage. (Press . to maintain the ray.)
The searing ray hits the boulder beetle!
The boulder beetle is lightly wounded.
The searing ray hits the boulder beetle.
The boulder beetle is lightly wounded.
The searing ray hits the boulder beetle!
The boulder beetle is moderately wounded.
You finish channeling your searing ray.
The boulder beetle closely misses you.
Casting: Searing Ray (safe; 1% risk of failure)
Confirm with . or Enter, or press ? or * to list all spells.
Aiming: Searing Ray (safe; 1% risk of failure)
Press: ? - help, Shift-Dir - straight line, f/p - boulder beetle
Aim: a boulder beetle (moderately wounded, 0% to evade)
You feel a surge of power!
The searing ray hits the boulder beetle but does no damage.
The boulder beetle is moderately wounded. (Press . to maintain the ray.)
The boulder beetle bites you!
The searing ray hits the boulder beetle.
The boulder beetle is moderately wounded.
The boulder beetle bites you!
The searing ray hits the boulder beetle but does no damage.
The boulder beetle is moderately wounded.
The boulder beetle bites you but does no damage.
The searing ray hits the boulder beetle but does no damage.
The boulder beetle is moderately wounded.
You finish channeling your searing ray.
The boulder beetle bites you! The boulder beetle bites you!!
* * * LOW HITPOINT WARNING * * *
You climb upwards.
There is a stone staircase leading down here.
The boulder beetle curls into a ball and begins rolling!
The boulder beetle hits you!!
You die...

*********,**,,......,,,,***,*****
,,,,,,,,,,,,.......***..,,,,,,,,,
,,,*******,*#.....####..,,.#.....
,,,,,,,,,,,,,...........,,.......
***,**##*#,**#........#***,#.....
***,,,...#.###........# *,,.....
,,,,,**#..............## ***##...
****,,,*#....>○#...#*,.######....
* ***.....##..B@.####...##......
******(.............[.......##...
,,,,,,........#...######$...##...
,,,,***##..##..#..#####***#.#....
,**** #.............#####...#..
,,,*****#........##......####....
**,,**,,.,#.....#.####..........<
***,**,***#.....*#,**##.#####.##.
* *,**>* #.....***,**#..# #..###


You could see a boulder beetle.

Vanquished Creatures
  Erica (D:8)
  Menkaure (D:7)
  2 black bears
  An ogre (D:4)
  Blork the orc (D:4)
  3 bullfrogs
  A scorpion (D:4)
  4 wights
  6 howler monkeys
  A bullfrog skeleton (D:8)
  A hound (D:5)
  A jelly (D:7)
  3 orc priests
  A centaur skeleton (D:4)
  A gnoll shaman (D:4)
  2 iguanas
  5 orc wizards
  2 worker ants
  A hound zombie (D:7)
  9 gnolls
  6 adders
  An ufetubus (D:5)
  11 oozes
  2 adder skeletons
  4 worms
  2 dart slugs (D:5)
  17 leopard geckos
  13 orcs
  5 bats
  10 giant cockroaches
  A goblin (D:1)
  6 hobgoblins
  5 jackals
  3 kobolds
  6 quokkas
  7 ball pythons (Sewer)
  17 frilled lizards
  A leopard gecko skeleton (D:4)
  4 rats
168 creatures vanquished.

Notes
Turn   | Place    | Note
-------+----------+-------------------------------------------
     0 | D:1      | hellse the Deep Elf Conjurer began the quest for the Orb.
     0 | D:1      | Reached XP level 1. HP: 10/10 MP: 6/6
   213 | D:1      | Found a shimmering altar of Xom.
   362 | D:1      | Reached XP level 2. HP: 15/15 MP: 5/8
   408 | D:1      | Reached skill level 5 in Conjurations
   742 | D:1      | Learned a level 2 spell: Searing Ray
  1252 | D:2      | Reached XP level 3. HP: 19/19 MP: 9/9
  1960 | D:2      | Found a glowing golden altar of the Shining One.
  2643 | D:4      | Reached XP level 4. HP: 24/24 MP: 8/10
  2845 | D:4      | Reached skill level 4 in Spellcasting
  3000 | D:4      | Reached skill level 5 in Spellcasting
  3000 | D:4      | Reached XP level 5. HP: 23/28 MP: 8/14
  3080 | D:4      | Learned a level 4 spell: Iskenderun's Mystic Blast
  3318 | D:4      | Reached XP level 6. HP: 32/32 MP: 7/16
  3523 | D:4      | Found a sparkling altar of Nemelex Xobeh.
  3537 | D:4      | Found a blossoming altar of Fedhas.
  3628 | D:4      | Noticed Blork the orc
  3634 | D:4      | Killed Blork the orc
  3805 | D:4      | Reached skill level 1 in Fighting
  4158 | D:5      | Entered Level 5 of the Dungeon
  4219 | D:5      | Found a glowing drain.
  4282 | Sewer    | Entered a sewer
  4700 | Sewer    | Reached XP level 7. HP: 40/40 MP: 15/17
  5382 | D:6      | Found a runed translucent gate.
  5382 | D:6      | Found a runed translucent gate.
  5388 | D:6      | Found an iron altar of Okawaru.
  5395 | D:6      | Noticed Shayle's ghost (novice HaWr)
  5396 | D:6      | Found a runed translucent gate.
  5396 | D:6      | Identified the +7 chain mail of Rotation {+Fly}
  5397 | D:6      | Found a roughly hewn altar of Beogh.
  5537 | D:5      | Reached skill level 5 in Dodging
  5635 | D:5      | Found a burning altar of Makhleb.
  5641 | D:5      | Reached skill level 6 in Spellcasting
  5724 | D:5      | Found a glowing silver altar of Zin.
  6109 | D:6      | Reached skill level 7 in Spellcasting
  6145 | D:6      | Noticed Eustachio
  6176 | D:7      | Reached XP level 8. HP: 45/45 MP: 15/21
  6228 | D:7      | Found a staircase to the Ecumenical Temple.
  6237 | Temple   | Entered the Ecumenical Temple
  7007 | D:7      | Noticed Menkaure
  7014 | D:7      | Killed Menkaure
  7015 | D:7      | Reached skill level 8 in Spellcasting
  7228 | D:8      | Found a hazy altar of Hepliaklqana.
  7493 | D:8      | Reached skill level 5 in Fighting
  7758 | D:8      | Noticed Erica
  7776 | D:8      | Killed Erica
  7777 | D:8      | Reached skill level 10 in Spellcasting
  7777 | D:8      | Reached XP level 9. HP: 47/55 MP: 14/25
  7900 | D:9      | Noticed a boulder beetle
  7988 | D:8      | Demolished by a boulder beetle

Illustrated notes

Levels and vault maps discovered:
D:1:      nzn_arrival_depleted_hourglass, layout_basic, xom_teletrap_fun
D:2:      layout_basic, nicolae_tso_swordbearing_angel, kennysheep_pointless_box
D:3:      minmay_bubble_buster, layout_basic
D:4:      layout_loops_ring, amethyst_overflow_temple_binary, uniq_blork_the_orc
D:5:      layout_cave_pools, basic_altar, cheibrodos_sewer_entry_bend,
          makhleb_blood_cavern_becter
D:6:      layout_rooms, okawaru_metal_pillars_3, biasface_ghost_orc_armoury,
          uniq_maggie, uniq_eustachio
D:7:      layout_rooms, lemuel_doored_altar, nzn_wu_jian_contemplation,
          minmay_temple_entry_mini_moons, uniq_menkaure
D:8:      layout_rooms, general_overflow_altar, uniq_erica
D:9:      layout_basic, vehumet_statue
Temple:   eino_narrow_crystal_temple

Skill      XL: |  1  2  3  4  5  6  7  8 |
---------------+-------------------------+-----
Conjurations   | 5 6 7 |  7.6
Spellcasting   | 5 7 10 | 10.5
Fighting       | 2 5 |  5.8
Dodging        | 5 |  5.1
Stealth        | |  2.4

Action                   |  1- 3 |  4- 6 |  7- 9 || total
-------------------------+-------+-------+-------++-------
Melee: Dagger            |    30 |     8 |    63 ||   101
 Cast: Magic Dart        |    52 |    63 |   112 ||   227
       Searing Ray       |     2 |    11 |    23 ||    36
       Iskenderun's Myst |       |       |     1 ||     1
  Use: Scroll            |     5 |       |     5 ||    10
 Stab: Sleeping          |     1 |       |     1 ||     2
Armor: Robe              |     6 |       |    28 ||    34
Dodge: Dodged            |    20 |     7 |    89 ||   116

Table legend: (Time is in decaauts)
 A = Elapsed time spent in this place.
 B = Non-inter-level travel time spent in this place.
 C = Inter-level travel time spent in this place.
 D = Time resting spent in this place.
 E = Time spent auto-exploring this place.
 F = Levels seen in this place.
 G = Mean time per level.
                   A        B        C        D        E       F      G
               +--------+--------+--------+--------+--------+-----+--------+
         Total |   8064 |   7478 |    586 |   2239 |   4009 |  11 |  733.1 |
       Dungeon |   6889 |   6316 |    573 |   1802 |   3466 |   9 |  765.4 |
        Temple |    205 |    192 |     13 |      0 |    191 |   1 |  205.0 |
         Sewer |    969 |    969 |      0 |    437 |    352 |   1 |  969.0 |
               +--------+--------+--------+--------+--------+-----+--------+

Top non-repeatable levels by time:
     D:4: 1670 daAuts
     D:2: 1658 daAuts
     D:5: 1006 daAuts
   Sewer: 969 daAuts
     D:1: 831 daAuts
     D:7: 750 daAuts
     D:3: 442 daAuts
     D:8: 237 daAuts
  Temple: 205 daAuts
     D:9: 145 daAuts
     D:6: 145 daAuts
